 Dungeon Crawl Stone Soup version 0.25-a0-283-ge7e91ba8d0 (webtiles) character file.

Game seed: 4222314389799881079, levelgen mode: deterministic

475 Gargoyl the Skirmisher (level 6, -3/52 HPs)
             Began as a Centaur Abyssal Knight on Dec 11, 2019.
             Was a Believer of Lugonu.
             Slain by a crocodile (14 damage)
             ... on level 4 of the Dungeon.
             The game lasted 00:05:49 (3930 turns).

Gargoyl the Skirmisher (Centaur Abyssal Knight)     Turns: 3930, Time: 00:05:50

Health: -3/52      AC: 10    Str: 19    XL:     6   Next: 84%
Magic:  8/8        EV:  9    Int: 11    God:    Lugonu [**....]
Gold:   203        SH:  0    Dex: 11    Spells: 5/5 levels left

rFire    . . .     SeeInvis .   a - +2 hand axe
rCold    . . .     Gourm    .   (no shield)
rNeg     . . .     Faith    .   g - +1 ring mail
rPois    .         Spirit   .   (no helmet)
rElec    .         Reflect  .   (no cloak)
rCorr    .         Harm     .   (no gloves)
MR       .....                  (no barding)
Stlth    ..........             (no amulet)
HPRegen  0.17/turn              d - +5 ring of strength
MPRegen  0.11/turn              h - +3 ring of protection

@: very quick
A: large, hooves 3, deformed body, speed 2, tough skin 3
a: Depart the Abyss, Bend Space, Renounce Religion


You were on level 4 of the Dungeon.
You worshipped Lugonu.
Lugonu was pleased with you.
You were not hungry.

You visited 1 branch of the dungeon, and saw 4 of its levels.
You visited the Abyss 1 time.

You collected 203 gold pieces.

Inventory:

Hand Weapons
 a - a +2 hand axe (weapon)
Armour
 g - a +1 ring mail (worn)
Jewellery
 d - a +5 ring of strength (left hand)
 f - an uncursed ring of protection from magic
 h - a +3 ring of protection (right hand)
 v - an uncursed ring of fire {unknown}
 w - a +2 ring of intelligence {unknown}
Wands
 k - a wand of polymorph (7)
Scrolls
 b - a scroll of enchant armour
 l - a scroll of remove curse
 m - a scroll of fear
 q - 3 scrolls of identify
 s - a scroll of teleportation
Potions
 e - 2 potions of haste
 i - a potion of might {unknown}
 j - 2 potions of curing
 n - a potion of agility
 o - a potion of lignification
 r - a potion of brilliance
 u - a potion of berserk rage {unknown}
Comestibles
 c - 9 rations


   Skills:
 + Level 3.9 Fighting
 + Level 3.5 Axes
 * Level 3.3 Armour
 * Level 2.2 Dodging
 * Level 3.5 Invocations


You had 5 spell levels left.
You didn't know any spells.
Your spell library was empty.

Dungeon Overview and Level Annotations

Branches:
Dungeon (4/15)
 Temple: D:4-7

Altars:
Gozag
Qazlal


Innate Abilities, Weirdness & Mutations

You have hooves in place of feet.
Armour fits poorly on your strangely shaped body.
You cover ground very quickly.
You have extremely tough skin. (AC +3)


Message History

Found a robe.
A crocodile comes into view.
You hit the crocodile but do no damage. The crocodile closely misses you.
You barely miss the crocodile. The crocodile bites you.
You closely miss the crocodile. Your kick misses the crocodile.
The crocodile bites you!
You hit the crocodile but do no damage. Your kick misses the crocodile.
The crocodile closely misses you.
You hit the crocodile. Your kick misses the crocodile.
The crocodile is lightly wounded.
The crocodile bites you! The crocodile closely misses you.
You slash the crocodile! Your kick misses the crocodile.
The crocodile is heavily wounded.
The crocodile bites you!
* * * LOW HITPOINT WARNING * * *
You hit the crocodile.
You kick the crocodile, but do no damage.
The crocodile is heavily wounded.
The crocodile bites you!
You die...

#............#
#.##########.# #.# #.#
####.# ######.#########
#....# #................
##.######.#####.[..#####
#.......... #....######
#..#####.## #.........#
#..# #t@.......# #..##
#...........# #..<#
#.....#.....#
##...####.#
#...###.....#
#.............#. .....#
###.#.###.#####. .....#
#.......#.. .. ....#
##..#.#.#.#####.
#..#.#.#>....


You could see a crocodile.

Vanquished Creatures
  Sigmund (D:3)
  2 orc priests
  2 orc wizards
  An iguana (D:4)
  A worker ant (D:4)
  5 adders
  An ooze (D:2)
  3 worms
  2 dart slugs
  2 leopard geckos
  6 orcs
  3 ball pythons
  4 bats
  6 giant cockroaches
  10 goblins
  10 hobgoblins
  5 jackals
  7 frilled lizards
  7 kobolds
  7 rats
85 creatures vanquished.

Vanquished Creatures (others)
  2 starspawn tentacles (Abyss:1)
2 creatures vanquished.

Grand Total: 87 creatures vanquished

Notes
Turn   | Place    | Note
-------+----------+-------------------------------------------
     0 | Abyss:1  | Gargoyl the Centaur Abyssal Knight began the quest for the
                  | Orb.
     0 | Abyss:1  | Reached XP level 1. HP: 19/19 MP: 2/2
    66 | Abyss:1  | Noticed an orange demon
   114 | Abyss:1  | Noticed a cyan very ugly thing
   116 | Abyss:1  | Noticed a large abomination
   130 | Abyss:1  | Noticed a tentacled starspawn
   143 | Abyss:1  | Noticed a wretched star
   152 | Abyss:1  | Noticed a thrashing horror
   156 | D:1      | Escaped the Abyss
   501 | D:1      | Reached XP level 2. HP: 24/26 MP: 3/3
   551 | D:1      | Reached * piety under Lugonu
   659 | D:1      | Reached skill level 1 in Dodging
   903 | D:1      | Reached XP level 3. HP: 31/31 MP: 4/4
  1168 | D:2      | Reached ** piety under Lugonu
  1495 | D:2      | Reached XP level 4. HP: 38/38 MP: 5/5
  1574 | D:2      | Found an opulent altar of Gozag.
  1576 | D:2      | You fall into a shaft and drop 1 floor!
  2417 | D:4      | Reached XP level 5. HP: 15/45 MP: 7/7
  2919 | D:3      | Noticed Sigmund
  3155 | D:3      | Killed Sigmund
  3155 | D:3      | Reached XP level 6. HP: 25/52 MP: 8/8
  3542 | D:4      | Reached *** piety under Lugonu
  3838 | D:4      | Noticed a fire elemental
  3840 | D:4      | Found a stormy altar of Qazlal.
  3841 | D:4      | Noticed an air elemental
  3841 | D:4      | Noticed a water elemental
  3930 | D:4      | Slain by a crocodile

Levels and vault maps discovered:
D:1:      minmay_arrival_loop, layout_loops_ring, minmay_three_crescents
D:2:      layout_rooms, st_stairs_12, grunt_ministairs_3,
          chequers_serial_rivers_small_b, nicolae_gozag_seed_capital
D:3:      layout_basic, uniq_sigmund
D:4:      layout_basic, nicolae_qazlal_style_of_elements, first_ration,
          lemuel_another_geyser

Skill      XL: |  1  2  3  4  5 |
---------------+----------------+-----
Dodging        | 1 2 |  2.2
Axes           | 2 3 |  3.5
Armour         | 2 3 |  3.3
Invocations    | 3 |  3.5
Fighting       | |  3.9

Action                   |  1- 3 |  4- 6 || total
-------------------------+-------+-------++-------
Melee: Hand axe          |    82 |   137 ||   219
       Kick              |    14 |    24 ||    38
Invok: Depart the Abyss  |     1 |       ||     1
  Use: Scroll            |    10 |     4 ||    14
       Potion            |     1 |     9 ||    10
  Eat: Chunk             |     1 |     3 ||     4
       Ration            |       |     1 ||     1
Armor: Ring mail         |    35 |    72 ||   107
       Skin              |       |     4 ||     4
Dodge: Dodged            |    29 |    67 ||    96

Table legend:
 A = Non-vault XP
 B = Vault XP
 C = Vault XP percentage of total XP
 D = Non-vault monster count
 E = Vault monster count
 F = Vault count percentage of total count
                 A         B        C        D         E       F
            +---------+---------+-------+---------+---------+-------
      Total |     438 |     241 |  35.5 |      75 |      10 |  11.8
            +---------+---------+-------+---------+---------+-------
        D:1 |      41 |      10 |  19.6 |      22 |       6 |  21.4
        D:2 |      72 |       4 |   5.3 |      21 |       3 |  12.5
        D:3 |     156 |     227 |  59.3 |      21 |       1 |   4.5
        D:4 |     169 |       0 |   0.0 |      11 |       0 |   0.0
            +---------+---------+-------+---------+---------+-------
